 Seeded DCSS version 0.32-a0-999-gfa1cc04b1d (webtiles) character file.

Game seed: 1607466940364845191 (custom seed)

110 wilfster70 the Trooper (level 4, 0/37 HPs)
             Began as a Demonspawn Fighter on Apr 25, 2024.
             Was an Initiate of Okawaru.
             Slain by Grinder (6 damage)
             ... on level 4 of the Dungeon.
             The game lasted 00:05:15 (2274 turns).

wilfster70 the Trooper (Demonspawn Fighter)         Turns: 2274, Time: 00:05:16

Health: 0/37       AC:  8    Str: 18    XL:     4   Next: 61%
Magic:  5/5        EV: 10    Int:  9    God:    Okawaru [......]
Gold:   230        SH:  4    Dex: 12    Spells: 3/3 levels left

rFire   . . .        a - +0 war axe
rCold   . . .        c - +0 buckler
rNeg    . . .        h - +0 scale mail
rPois   .            f - +0 helmet
rElec   .            l - +0 cloak
rCorr   .            (no gloves)
SInv    .            (no boots)
Will    .....        (no amulet) Stlth
                     (no ring)
HPRegen 0.26/turn    (no ring)
MPRegen 0.09/turn

%: no passive effects
@: mighty
A: repulsion field 1, foul stench 1, demonic touch 1
a: Renounce Religion


You were on level 4 of the Dungeon.
You worshipped Okawaru.
Okawaru was noncommittal.
You visited 1 branch of the dungeon, and saw 4 of its levels.

You collected 230 gold pieces.

Inventory:

Hand Weapons
 a - a +0 war axe (weapon)
 b - a +0 morningstar
Missiles
 e - 7 poisoned darts (quivered)
Armour
 c - a +0 buckler (worn)
 f - a +0 helmet (worn)
 h - a +0 scale mail (worn)
 l - a +0 cloak (worn)
Scrolls
 j - a scroll of enchant weapon {unknown}
 m - 2 scrolls of teleportation
 n - a scroll of vulnerability
 o - a scroll of fear
 p - 3 scrolls of blinking
Potions
 d - a potion of might
 i - a potion of haste
 k - 2 potions of curing


   Skills:
 + Level 4.0 Fighting
 + Level 3.4 Axes
 - Level 2.6 Armour
 - Level 2.6 Shields
 + Level 1.7 Invocations


You had 3 spell levels left.
You didn't know any spells.
Your spell library was empty.

Dungeon Overview and Level Annotations

Branches:
Dungeon (4/15)
 Temple: D:4-7

Altars:
Okawaru

Annotations:
D:4 Grinder


Innate Abilities, Weirdness & Mutations

You are surrounded by a mild repulsion field. (EV +2)
You may rarely emit foul miasma when damaged in melee.
Your touch may inflict minor irresistible damage on your foes.


Message History

You suddenly lose the ability to move!
You can move again.
There is a stone staircase leading down here.
Grinder gestures at you.
You barely resist.
Grinder sighs, "No one appreciates my work."
You feel very mighty all of a sudden. Grinder gestures at you.
You suddenly lose the ability to move!
Grinder hits you but does no damage.
You can move again.
You slash Grinder!
Grinder is moderately wounded.
You block Grinder's attack.
You closely miss Grinder.
Grinder is moderately wounded.
Grinder hits you.
You writhe in agony.
Grinder gestures at you.
You barely resist. You closely miss Grinder.
Grinder is moderately wounded.
Grinder closely misses you.
You slash Grinder!
Grinder is heavily wounded.
Grinder barely misses you.
You slash Grinder!
Grinder is almost dead.
Grinder hits you.
You writhe in agony.
Grinder rolls her eyes.
Grinder hits you!
You writhe in agony.
You barely miss Grinder.
Grinder is almost dead.
Grinder blinks!
You closely miss Grinder.
Grinder is almost dead.
Grinder hits you!
* * * LOW HITPOINT WARNING * * *
You writhe in agony.
You die...
Grinder sighs, "Dead already?
I want a refund."

#.# #.# #.# ..... #.#
..... #.#
.....########.#####...
....>.................
....#######5#####...
... #@# #.##
#.############## #.5###
#..............#
##...###.########.###.#
###..>..# #...#.#
###.#.# #.#.#.# #.#.#
#.....# #.#.# ###.###
#.#.# #.#


You could see Grinder.

Vanquished Creatures
  4 adders
  3 dart slugs
  2 ribbon worms (D:2)
  2 orcs (D:3)
  6 endoplasms
  4 giant cockroaches
  5 goblins
  4 hobgoblins
  4 kobolds
  5 quokkas
  7 ball pythons
  5 bats
  6 frilled lizards
  4 rats (D:1)
61 creatures vanquished.

Notes
Turn   | Place    | Note
-------+----------+-------------------------------------------
     0 | D:1      | wilfster70 the Demonspawn Fighter began the quest for the
                  | Orb.
     0 | D:1      | Reached XP level 1. HP: 18/18 MP: 1/1
   328 | D:1      | Gained mutation: You are surrounded by a mild repulsion
                  | field. (EV +2) [demonic ancestry]
   328 | D:1      | Reached XP level 2. HP: 23/24 MP: 2/2
   855 | D:1      | Gained mutation: Your touch may inflict minor irresistible
                  | damage on your foes. [demonic ancestry]
   855 | D:1      | Reached XP level 3. HP: 29/29 MP: 3/3
  1074 | D:2      | Found a faded altar of an unknown god.
  1156 | D:2      | Found an iron altar of Okawaru.
  1161 | D:2      | Became a worshipper of Warmaster Okawaru
  1245 | D:2      | Gained mutation: You may rarely emit foul miasma when
                  | damaged in melee. [demonic ancestry]
  1245 | D:2      | Reached XP level 4. HP: 35/37 MP: 4/4
  1250 | D:2      | Reached skill level 1 in Invocations
  2112 | D:4      | Reached skill level 4 in Fighting
  2249 | D:4      | Noticed Grinder
  2249 | D:4      | Paralysed by Grinder for 4 turns
  2264 | D:4      | Paralysed by Grinder for 2 turns
  2274 | D:4      | Slain by Grinder

Illustrated notes

Levels and vault maps discovered:
D:1:      tarquinn_simple_flora_water_e, layout_loops_corners
D:2:      layout_loops_ring, shapermc_ecumenical_altar_gd, basic_altar,
          minmay_misc_feat_tiny, kennysheep_nondescript, minmay_split_cup_small
D:3:      layout_basic
D:4:      layout_basic, nicolae_overflow_hidden_temple, serial_bayou,
          serial_bayou_pond_c, serial_bayou_lake_a, uniq_grinder

Skill      XL: |  1  2  3  4 |
---------------+-------------+-----
Axes           | 2 3 |  3.4
Invocations    | 1 |  1.7
Fighting       | 4 |  4.0
Armour         | |  2.6
Shields        | |  2.6

Action                     |  1- 3 |  4- 6 || total
---------------------------+-------+-------++-------
  Melee: War axe           |   124 |    78 ||   202
    Use: Scroll            |       |     6 ||     6
         Potion            |       |     1 ||     1
 Armour: Scale mail        |    76 |    43 ||   119
  Dodge: Dodged            |    74 |    34 ||   108
  Block: Buckler           |    38 |     8 ||    46

Table legend: (Time is in decaauts)
 A = Elapsed time spent in this place.
 B = Non-inter-level travel time spent in this place.
 C = Inter-level travel time spent in this place.
 D = Time resting spent in this place.
 E = Time spent auto-exploring this place.
 F = Levels seen in this place.
 G = Mean time per level.
                   A        B        C        D        E       F      G
               +--------+--------+--------+--------+--------+-----+--------+
         Total |   2353 |   2279 |     74 |    123 |   1234 |   4 |  588.2 |
       Dungeon |   2353 |   2279 |     74 |    123 |   1234 |   4 |  588.2 |
               +--------+--------+--------+--------+--------+-----+--------+

Top non-repeatable levels by time:
     D:1: 1014 daAuts
     D:2: 714 daAuts
     D:3: 450 daAuts
     D:4: 174 daAuts
